 Dungeon Crawl Stone Soup version 0.30-a0-55-g90e3122c3a (webtiles) character file.

Game seed: 7225408401133968919

73 LnG the Trooper (level 4, -1/41 HPs)
             Began as a Hill Orc Fighter on Sept 9, 2022.
             Slain by Ijyb
             ... wielding a +2 spectral club
              (2 damage)
             ... on level 3 of the Dungeon.
             The game lasted 00:02:04 (1976 turns).

LnG the Trooper (Hill Orc Fighter)                  Turns: 1976, Time: 00:02:05

Health: -1/41      AC:  7    Str: 20    XL:     4   Next: 27%
Magic:  4/4        EV:  9    Int:  8    God:
Gold:   141        SH:  4    Dex: 10    Spells: 3/3 levels left

rFire   . . .      SeeInvis .    a - +0 war axe
rCold   . . .      Faith    .    c - +0 buckler
rNeg    . . .      Spirit   .    b - +0 scale mail
rPois   .          Reflect  .    (no helmet)
rElec   .          Harm     .    (no cloak)
rCorr   .          Rampage  .    (no gloves)
Will    .....                    (no boots)
Stlth   ..........               (no amulet)
HPRegen 0.13/turn                (no ring)
MPRegen 0.09/turn                (no ring)

@: no status effects
A: no striking features
a: no special abilities


You were on level 3 of the Dungeon.
You visited 1 branch of the dungeon, and saw 3 of its levels.

You collected 141 gold pieces.

Inventory:

Hand Weapons
 a - a +0 war axe (weapon)
Armour
 b - a +0 scale mail (worn)
 c - a +0 buckler (worn)
Scrolls
 e - a scroll of identify {unknown}
 g - a scroll of enchant armour {unknown}
 h - a scroll of poison {unknown}
 k - a scroll of noise {unknown}
 m - 2 scrolls of amnesia {unknown}
Potions
 d - a potion of might
 f - 2 potions of lignification {unknown}
 i - 3 potions of brilliance {unknown}
 j - 2 potions of attraction {unknown}
 l - a potion of heal wounds {unknown}


   Skills:
 + Level 4.3 Fighting
 + Level 4.1 Axes
 + Level 3.9 Armour
 + Level 0.2 Dodging
 + Level 3.5 Shields


You had 3 spell levels left.
You didn't know any spells.
Your spell library contained the following spells:

 Spells                   Type           Power      Damage    Failure   Level
 Ensorcelled Hibernation  Hex/Ice        0%         N/A       94%         2
 Gell's Gravitas          Tloc           0%         N/A       99%         3
 Spider Form              Tmut/Pois      0%         N/A       99%         3
 Teleport Other           Tloc           0%         N/A       99%         3
 Anguish                  Hex/Necr       0%         N/A       100%        4
 Dispersal                Tloc           0%         N/A       100%        6


Dungeon Overview and Level Annotations

Branches:
Dungeon (3/15)

Altars:

Annotations:
D:3 Ijyb


Message History

Done exploring.
There is a stone staircase leading down here.
You climb downwards.
The goblin shouts!
Found a short sword, a cloak and a murky cyan potion.
Found a stone staircase leading down.
There is a stone staircase leading up here.
The goblin hits you but does no damage.
You hit the goblin but do no damage. The goblin hits you but does no damage.
You barely miss the goblin. The goblin hits you with a +0 dagger.
You hit the goblin.
The goblin is moderately wounded.
You block the goblin's attack. The goblin hits you but does no damage.
You barely miss the goblin.
The goblin is moderately wounded.
The goblin hits you but does no damage.
You slash the goblin!
You kill the goblin!
No target in view!
Ijyb the Twisted Goblin comes into view.
She is wielding a +2 spectral club, wearing a +2 leather armour of willpower and carrying a wand of flame (19).
Found 6 gold pieces.
You see here a +0 cloak.
Ijyb zaps a wand.
The puff of flame hits you.
You closely miss Ijyb.
Ijyb zaps a wand.
The puff of flame hits you! Ijyb hits you with a +2 spectral club.
You closely miss Ijyb.
Ijyb zaps a wand.
The puff of flame hits you but does no damage.
You hit Ijyb but do no damage. Ijyb closely misses you.
You closely miss Ijyb.
Ijyb zaps a wand.
The puff of flame hits you! You block Ijyb's attack.
You are too injured to fight recklessly!
You are too injured to fight recklessly!
You are too injured to fight recklessly!
You closely miss Ijyb.
Ijyb zaps a wand.
The puff of flame misses you.
You barely miss Ijyb.
Ijyb zaps a wand.
The puff of flame hits you!
* * * LOW HITPOINT WARNING * * *
You barely miss Ijyb.
Ijyb zaps a wand.
The puff of flame hits you!
* * * LOW HITPOINT WARNING * * *
Ijyb hits you with a +2 spectral club.
You die...

............###.
.......>........
#.).<...#
#.......##
##.......#
#.......#
#.......#
####..[....#...
....!...@.......
#####....g......
#.........$.
#...........
#........##.
####...#.#
#...#.# #...# #


You could see Ijyb.

Vanquished Creatures
  3 adders (D:2)
  A worm (D:2)
  2 endoplasms (D:1)
  A giant cockroach (D:1)
  3 goblins
  5 hobgoblins
  4 quokkas
  6 ball pythons
  5 bats
  2 frilled lizards (D:1)
  7 kobolds
  5 rats
44 creatures vanquished.

Vanquished Creatures (others)
  4 toadstools (D:1)
4 creatures vanquished.

Grand Total: 48 creatures vanquished

Notes
Turn   | Place    | Note
-------+----------+-------------------------------------------
     0 | D:1      | LnG the Hill Orc Fighter began the quest for the Orb.
     0 | D:1      | Reached XP level 1. HP: 19/19 MP: 1/1
   138 | D:1      | Reached XP level 2. HP: 27/27 MP: 2/2
   541 | D:1      | Reached XP level 3. HP: 24/33 MP: 3/3
  1379 | D:2      | Reached XP level 4. HP: 26/40 MP: 4/4
  1667 | D:2      | Found a faded altar of an unknown god.
  1966 | D:3      | Noticed Ijyb
  1976 | D:3      | HP: 1/41 [Ijyb/puff of flame (8)]
  1976 | D:3      | Slain by Ijyb

Illustrated notes

Levels and vault maps discovered:
D:1:      ldierk_walled_garden_2, layout_rooms
D:2:      layout_loops_cross, hellmonk_ecumenical_altar_pennies_from_heaven
D:3:      layout_basic, gammafunk_ghost_cemetery, uniq_ijyb

Skill      XL: |  1  2  3  4 |
---------------+-------------+-----
Axes           | 3 4 |  4.1
Fighting       | 4 |  4.3
Armour         | |  3.9
Dodging        | |  0.2
Shields        | |  3.5

Action                   |  1- 3 |  4- 6 || total
-------------------------+-------+-------++-------
Melee: War axe           |    96 |    33 ||   129
Armor: Scale mail        |    63 |    17 ||    80
Dodge: Dodged            |    64 |    14 ||    78
Block: Buckler           |    23 |     7 ||    30

Table legend: (Time is in decaauts)
 A = Elapsed time spent in this place.
 B = Non-inter-level travel time spent in this place.
 C = Inter-level travel time spent in this place.
 D = Time resting spent in this place.
 E = Time spent auto-exploring this place.
 F = Levels seen in this place.
 G = Mean time per level.
                   A        B        C        D        E       F      G
               +--------+--------+--------+--------+--------+-----+--------+
         Total |   2025 |   2010 |     15 |    326 |   1372 |   3 |  675.0 |
       Dungeon |   2025 |   2010 |     15 |    326 |   1372 |   3 |  675.0 |
               +--------+--------+--------+--------+--------+-----+--------+

Top non-repeatable levels by time:
     D:2: 1043 daAuts
     D:1: 959 daAuts
     D:3: 22 daAuts
